 Dungeon Crawl Stone Soup version 0.23.2-42-gf373564dc4 (webtiles) character file.

Game seed: 5433892442082522031

34240 symbioosi the Fencer (level 13, 0/118 HPs)
             Began as a Minotaur Berserker on Dec 4, 2019.
             Was a High Priest of Trog.
             Shot with an arrow by Nessos (8 damage)
             ... on level 12 of the Dungeon.
             The game lasted 01:05:42 (12015 turns).

symbioosi the Fencer (Minotaur Berserker)          Turns: 12015, Time: 01:05:45

Health: 0/118      AC: 28    Str: 30 (32) XL:     13   Next: 41%
Magic:  0/12       EV: 17    Int:  2      God:    Trog [*****.]
Gold:   629        SH:  0    Dex: 12 (13) Spells: 12/12 levels left

rFire    + + +     SeeInvis +   g - +7 triple sword "Woge" {protect, *Noise rF+++ Dex+3 SInv}
rCold    . . .     Gourm    .   (shield currently unavailable)
rNeg     . . .     Faith    .   F - +1 plate armour
rPois    .         Spirit   +   (helmet restricted)
rElec    .         Reflect  .   G - +2 cloak
rCorr    .         Harm     .   (no gloves)
MR       .....     Clarity  +   b - +0 pair of boots
Stlth    ..........             a - amulet of guardian spirit
HPRegen  0.00/turn              k - +4 ring of evasion
MPRegen  0.13/turn              o - +3 ring of strength

@: lethally poisoned (0 -> -5), protection aura, non-regenerating, diseased,
studying Shields
A: retaliatory headbutt, horns 2, clarity, deterioration 1, dopey 1, strong 1,
MP-powered wands
a: Berserk, Trog's Hand, Brothers in Arms, Renounce Religion


You were on level 12 of the Dungeon.
You worshipped Trog.
Trog was extremely pleased with you.
You were not hungry.

You visited 1 branch of the dungeon, and saw 12 of its levels.
You also visited: Ossuary and Bailey.

You collected 799 gold pieces.
You spent 170 gold pieces at shops.

Inventory:

Hand Weapons
 g - the +7 triple sword "Woge" (weapon) {protect, *Noise rF+++ Dex+3 SInv}
   (Trog gifted it to you on level 12 of the Dungeon)

   It protects the one who uses it against injury (+AC on strike).
   It affects your dexterity (+3).
   It renders you almost immune to fire.
   It lets you see invisible.
   It may make noises in combat.
Armour
 b - a +0 pair of boots (worn)
 e - the +1 ring mail "Kobbaset" {rElec rF+++ Int+4 Dex-5}
   (You found it on level 9 of the Dungeon)

   It affects your intelligence (+4).
   It affects your dexterity (-5).
   It renders you almost immune to fire.
   It insulates you from electricity.
 F - a +1 plate armour (worn)
 G - a +2 cloak (worn)
Jewellery
 a - an amulet of guardian spirit (around neck)
 d - an uncursed ring of flight
 k - a +4 ring of evasion (left hand)
 o - a +3 ring of strength (right hand)
Wands
 y - a wand of digging (8)
Scrolls
 f - 4 scrolls of remove curse
 h - 2 scrolls of fog
 j - a scroll of brand weapon
 l - 13 scrolls of identify
 p - 5 scrolls of enchant weapon
 q - a scroll of summoning
 r - 2 scrolls of teleportation
 C - 6 scrolls of enchant armour
 D - 3 scrolls of magic mapping
Potions
 n - 4 potions of haste
 s - 2 potions of heal wounds
 t - a potion of might
 u - 2 potions of resistance
 v - a potion of agility
 w - 2 potions of magic
 x - a potion of berserk rage
 A - 3 potions of flight
 B - 5 potions of curing
Books
 m - a manual of Shields
Miscellaneous
 i - a sack of spiders
Comestibles
 c - 14 rations


   Skills:
 + Level 12.2 Fighting
 * Level 16.3 Long Blades
 + Level 12.0 Armour
 + Level 10.7 Dodging
 - Level 1.4 Stealth


You had 12 spell levels left.
You didn't know any spells.
Your spell library contained the following spells:

 Spells                   Type           Power        Failure   Level  Hunger
 Malign Gateway           Summ/Tloc      #.........   100%        7    #######
 Monstrous Menagerie      Summ           #.........   100%        7    #######
 Summon Greater Demon     Summ           #.........   100%        7    #######
 Summon Horrible Things   Summ           #.........   100%        8    #######


Dungeon Overview and Level Annotations

Branches:
Dungeon (12/15)            Temple (0/1) D:5            Lair (0/6) D:11
    Orc (0/2) D:11

Altars:
Ashenzari
Dithmenos
Elyvilon
Fedhas
Gozag
Kikubaaqudgha
Makhleb
Nemelex Xobeh
Qazlal
Ru
Sif Muna
Wu Jian
Yredelemnul

Shops:
D:5 :   D:8 :   D:9 *

Annotations:
D:12 Nessos, Rupert


Innate Abilities, Weirdness & Mutations

You reflexively headbutt those who attack you in melee.
You have a pair of horns on your head.
You possess an exceptional clarity of mind.
Your body sometimes deteriorates upon taking damage.
You are dopey. (Int -2)
Your muscles are strong. (Str +2)
You expend magic power (3 MP) to strengthen your wands.


Message History

The necrophage hits you but does no damage.
Rupert hits you but does no damage.
You are electrocuted!
You slash Rupert!
Rupert is almost dead.
You feel sick.
Nessos shoots an arrow.
The arrow hits you.
* * * LOW HITPOINT WARNING * * *
The necrophage barely misses you. You furiously retaliate!
You headbutt the necrophage!
Rupert hits you with a +1 battleaxe of electrocution!!
* * * LOW HITPOINT WARNING * * *
You are electrocuted!!
* * * LOW HITPOINT WARNING * * *
You feel much better. The necrophage completely misses you.
You riposte.
You slice the necrophage!!
You destroy the necrophage!
Trog accepts your kill.
Rupert hits you with a +1 battleaxe of electrocution!!
* * * LOW HITPOINT WARNING * * *
Nessos shoots an arrow.
The arrow hits you!
You die...

. . #.. ##..#####+###
............# ........
............# ........
...........)# ........
............# ........
............# .......
......[@..<.# .....
......†.@...# ..#
#######..##..#
..#######...####'# ##
.................#
................c#
.................'...
.................#...>
.................#.....


You could see Rupert (berserk) and Nessos.

Vanquished Creatures
  A stone giant (D:10)
  Josephine (D:11)
  Harold (D:8)
  The ghost of slayr the Archer, a novice CeHu of Okawaru (D:10)
  A two-headed ogre (D:11)
  An unseen horror (D:10)
  A deep elf mage (D:12)
  4 orc knights (Bailey)
  A cyclops (D:11)
  2 ugly things (D:9)
  A manticore (D:11)
  Maurice (D:11)
  Psyche (D:12)
  A gargoyle (D:9)
  A centaur skeleton (D:10)
  2 trolls (D:9)
  Grinder (D:5)
  3 hippogriffs
  The ghost of Zrachosh the Changer, an amateur OpTm of Ashenzari (D:5)
  5 wraiths (D:11)
  A vampire (D:9)
  Sigmund (D:6)
  2 hungry ghosts (D:9)
  3 wyverns
  Eustachio (D:5)
  3 yaks (D:11)
  A steam dragon (D:11)
  2 vampire mosquitoes (D:12)
  2 wargs (D:11)
  Edmund (D:6)
  An acid dragon (D:12)
  A water moccasin (D:12)
  Duvessa (D:5)
  2 ice beasts
  2 phantoms
  4 sky beasts
  A black bear (D:10)
  17 orc warriors
  2 necrophages
  4 centaurs
  7 ogres
  A big kobold (shapeshifter) (D:12)
  4 crocodiles
  2 big kobolds
  6 bullfrogs
  Dowan (D:5)
  3 scorpions
  9 killer bees
  4 wights (D:8)
  4 howler monkeys
  3 centaur zombies
  7 crimson imps
  4 jellies
  3 bullfrog zombies
  6 hounds
  A human zombie (Ossuary)
  Crazy Yiuf (D:6)
  12 orc priests
  A bullfrog skeleton (D:12)
  3 iguanas
  9 orc wizards
  8 worker ants
  A killer bee zombie (D:9)
  A big kobold zombie (Ossuary)
  A hound skeleton (D:10)
  5 mummies
  A howler monkey zombie (D:5)
  A worker ant zombie (D:8)
  3 gnolls (D:9)
  A howler monkey skeleton (D:8)
  12 adders
  2 shadow imps
  An ooze (D:4)
  An adder zombie (D:8)
  2 adder skeletons
  A worm (D:5)
  3 dart slugs
  4 leopard geckos
  93 orcs
  4 bats
  4 giant cockroaches
  A gnoll zombie (Ossuary)
  5 hobgoblins
  13 jackals
  8 kobolds
  5 quokkas
  A ball python (D:4)
  3 frilled lizards
  A giant cockroach zombie (D:5)
  12 goblins
  A goblin zombie (D:4)
  2 hobgoblin zombies (D:5)
  2 kobold zombies
  3 leopard gecko skeletons
  An orc zombie (D:5)
  A quokka skeleton (D:5)
  A quokka zombie (D:7)
  A rat (D:1)
  A rat zombie (D:4)
385 creatures vanquished.

Vanquished Creatures (others)
  An orc wizard (D:12)
1 creature vanquished.

Grand Total: 386 creatures vanquished

Notes
Turn   | Place    | Note
-------+----------+-------------------------------------------
     0 | D:1      | symbioosi the Minotaur Berserker began the quest for the
                  | Orb.
     0 | D:1      | Reached XP level 1. HP: 19/19 MP: 0/0
   204 | D:1      | Reached XP level 2. HP: 24/27 MP: 1/1
   233 | D:1      | Reached skill level 4 in Long Blades
   486 | D:3      | Reached XP level 3. HP: 31/33 MP: 2/2
   699 | D:3      | Reached ** piety under Trog
   929 | D:3      | Reached XP level 4. HP: 33/40 MP: 3/3
   949 | D:3      | Reached skill level 5 in Long Blades
  1183 | D:3      | Reached XP level 5. HP: 41/47 MP: 4/4
  1629 | D:4      | Found a sand-covered staircase.
  1636 | Ossuary  | Entered an ossuary
  1719 | Ossuary  | Reached skill level 5 in Fighting
  1750 | Ossuary  | Reached XP level 6. HP: 32/56 MP: 5/5
  1751 | Ossuary  | Reached skill level 6 in Long Blades
  1907 | Ossuary  | Reached *** piety under Trog
  2002 | D:4      | Paralysed by fainting for 12 turns
  2022 | D:4      | Paralysed by fainting for 7 turns
  2086 | D:4      | Reached skill level 7 in Long Blades
  2374 | D:5      | Entered Level 5 of the Dungeon
  2505 | D:5      | Noticed Dowan
  2510 | D:5      | Killed Dowan
  2510 | D:5      | Reached XP level 7. HP: 61/61 MP: 6/6
  2522 | D:5      | Found a transporter.
  2522 | D:5      | Noticed Duvessa
  2532 | D:5      | Killed Duvessa
  2998 | D:5      | Found a transporter.
  3001 | D:5      | Noticed Zrachosh's ghost (amateur OpTm)
  3008 | D:5      | Found a stormy altar of Qazlal.
  3011 | D:5      | Noticed a fire elemental
  3011 | D:5      | Noticed a water elemental
  3011 | D:5      | Noticed an air elemental
  3063 | D:5      | Killed Zrachosh's ghost
  3063 | D:5      | Reached skill level 8 in Long Blades
  3063 | D:5      | Reached skill level 5 in Armour
  3597 | D:5      | Reached skill level 1 in Stealth
  3597 | D:5      | Reached XP level 8. HP: 60/70 MP: 7/7
  3634 | D:5      | Found a staircase to the Ecumenical Temple.
  3675 | D:5      | Noticed Eustachio
  3685 | D:5      | Killed Eustachio
  3773 | D:5      | Noticed Grinder
  3784 | D:5      | Killed Grinder
  3784 | D:5      | Reached skill level 9 in Long Blades
  3956 | D:5      | Found a blossoming altar of Fedhas.
  3995 | D:5      | Found Poamamio's Book Shop.
  4288 | D:6      | Noticed Edmund
  4302 | D:6      | Killed Edmund
  4354 | D:6      | Noticed Sigmund
  4374 | D:6      | Killed Sigmund
  4415 | D:6      | Reached skill level 5 in Dodging
  4526 | D:6      | Found a runed translucent door.
  4527 | D:6      | Noticed Crazy Yiuf
  4536 | D:6      | Killed Crazy Yiuf
  4663 | D:6      | Found a sparkling altar of Nemelex Xobeh.
  4725 | D:6      | Reached **** piety under Trog
  4736 | D:6      | Found a burning altar of Makhleb.
  5164 | D:7      | Found a sacrificial altar of Ru.
  5174 | D:7      | Reached skill level 10 in Long Blades
  5174 | D:7      | Reached XP level 9. HP: 73/79 MP: 8/8
  5257 | D:7      | Found Tuepp's Magic Scroll Shop.
  5305 | D:7      | Found a shattered altar of Ashenzari.
  6132 | D:8      | Reached skill level 11 in Long Blades
  6236 | D:8      | Found a deep blue altar of Sif Muna.
  6236 | D:8      | Found a basalt altar of Yredelemnul.
  6361 | D:8      | Found an ornate altar of the Wu Jian Council.
  6423 | D:8      | Noticed Harold
  6424 | D:8      | Found Fydeiv's Book Boutique.
  6439 | D:8      | Killed Harold
  6439 | D:8      | Reached XP level 10. HP: 69/90 MP: 7/9
  6756 | D:9      | Reached skill level 12 in Long Blades
  7153 | D:9      | Found an ancient bone altar of Kikubaaqudgha.
  7153 | D:9      | Found an opulent altar of Gozag.
  7155 | D:9      | Found a shadowy altar of Dithmenos.
  7155 | D:9      | Found a white marble altar of Elyvilon.
  7161 | D:9      | Reached ***** piety under Trog
  7178 | D:9      | Noticed a brown ugly thing
  7179 | D:9      | Noticed a green ugly thing
  7195 | D:9      | Killed a brown ugly thing
  7196 | D:9      | Killed a green ugly thing
  7470 | D:9      | Found Ucvoiczu's General Store.
  7479 | D:9      | Bought a scroll of identify for 34 gold pieces
  7479 | D:9      | Bought a potion of heal wounds for 85 gold pieces
  7479 | D:9      | Bought a potion of curing for 51 gold pieces
  7552 | D:9      | Reached skill level 13 in Long Blades
  7663 | D:9      | Noticed a gargoyle
  7673 | D:9      | Killed a gargoyle
  7705 | D:9      | Reached XP level 11. HP: 99/99 MP: 8/10
  7847 | D:9      | Gained mutation: Your body sometimes deteriorates upon
                  | taking damage. [potion of mutation]
  7847 | D:9      | Gained mutation: You are clumsy. (Dex -2) [potion of
                  | mutation]
  7847 | D:9      | Lost intelligence.
  7847 | D:9      | Gained mutation: You are dopey. (Int -2) [potion of
                  | mutation]
  7847 | D:9      | Gained mutation: You possess an exceptional clarity of
                  | mind. [potion of mutation]
  8025 | D:9      | Lost mutation: You are clumsy. (Dex -2) [potion of
                  | mutation]
  8025 | D:9      | Gained mutation: You expend magic power (3 MP) to
                  | strengthen your wands. [potion of mutation]
  8025 | D:9      | Gained mutation: Your muscles are strong. (Str +2) [potion
                  | of mutation]
  8098 | D:9      | Lost intelligence.
  8124 | D:9      | Got a shimmering ring mail
  8139 | D:9      | Identified the cursed +1 ring mail "Kobbaset" {rElec rF+++
                  | Int+4 Dex-5} (You found it on level 9 of the Dungeon)
  8198 | D:9      | Found a shadowy altar of Dithmenos.
  8473 | D:10     | Entered Level 10 of the Dungeon
  8523 | D:10     | Killed an unseen horror
  8526 | D:10     | Reached skill level 10 in Fighting
  8781 | D:10     | Found a runed translucent door.
  8782 | D:10     | Noticed a stone giant
  8782 | D:10     | Noticed slayr's ghost (novice CeHu)
  8806 | D:10     | Killed a stone giant
  8828 | D:10     | Killed slayr's ghost
  8828 | D:10     | Reached skill level 10 in Armour
  9261 | D:10     | Reached skill level 14 in Long Blades
  9745 | D:11     | Found a staircase to the Orcish Mines.
  9769 | D:11     | Noticed a two-headed ogre
  9785 | D:11     | Killed a two-headed ogre
 10182 | D:11     | Got a bloodstained rapier
 10245 | D:11     | Found a staircase to the Lair.
 10373 | D:11     | Noticed Josephine
 10386 | D:11     | Killed Josephine
 10386 | D:11     | Reached XP level 12. HP: 101/110 MP: 11/11
 10625 | D:11     | Noticed Maurice
 10646 | D:11     | Killed Maurice
 10830 | D:12     | Reached skill level 15 in Long Blades
 10843 | D:12     | Noticed Psyche
 10855 | D:12     | Killed Psyche
 10863 | D:12     | Received a gift from Trog
 10866 | D:12     | Got a jewelled triple sword {god gift}
 10867 | D:12     | Identified the +7 triple sword "Woge" {protect, *Noise
                  | rF+++ Dex+3 SInv} (Trog gifted it to you on level 12 of the
                  | Dungeon)
 11057 | D:12     | Found a flagged portal.
 11080 | Bailey   | Entered a bailey
 11170 | Bailey   | Reached skill level 16 in Long Blades
 11170 | Bailey   | Reached skill level 10 in Dodging
 11170 | Bailey   | Reached XP level 13. HP: 118/118 MP: 12/12
 12004 | D:12     | Noticed Rupert
 12012 | D:12     | Noticed Nessos
 12014 | D:12     | HP: 1/117 [Rupert/+1 battleaxe of electrocution (15)]
 12015 | D:12     | Shot with an arrow by Nessos

Skill      XL: |  1  2  3  4  5  6  7  8  9 10 11 12 13 |
---------------+----------------------------------------+-----
Long Blades    | 4 5 7 8 10 11 13 14 16 | 16.3
Fighting       | 4 5 6 7 8 9 11 12 | 12.2
Armour         | 3 4 5 6 8 9 10 11 12 | 12.0
Dodging        | 3 5 6 8 9 10 | 10.7
Stealth        | 1 |  1.4

Action                   |  1- 3 |  4- 6 |  7- 9 | 10-12 | 13-15 || total
-------------------------+-------+-------+-------+-------+-------++-------
Melee: Falchion          |    65 |    55 |   197 |   474 |       ||   791
       Headbutt          |     9 |    29 |    61 |   127 |    14 ||   240
       Long sword        |       |    81 |    64 |       |       ||   145
       Triple sword      |       |       |       |    23 |    54 ||    77
Invok: Berserk           |       |       |     1 |     7 |     2 ||    10
  Use: Scroll            |       |     3 |     1 |    13 |       ||    17
       Potion            |       |       |       |    16 |     1 ||    17
  Eat: Chunk             |       |     1 |     7 |       |       ||     8
       Ration            |       |     2 |     2 |     7 |     1 ||    12
Armor: Ring mail         |    21 |    35 |    56 |    83 |       ||   195
       Leather armour    |       |       |    13 |       |       ||    13
       Plate armour      |       |       |       |    92 |    26 ||   118
       Scale mail        |       |       |       |    26 |       ||    26
Dodge: Dodged            |    57 |    83 |   115 |   431 |    80 ||   766
       Rpst.: Falchion   |    11 |     9 |    28 |    82 |       ||   130
       Long sword        |       |    19 |     2 |       |       ||    21
       Triple sword      |       |       |       |     7 |    14 ||    21
